 Dungeon Crawl Stone Soup version 0.31.0-32-g396128a36d (webtiles) character file.

Game seed: 4981107658712902413

7809 Zrthp the Cleaver (level 11, -6/110 HPs)
             Began as a Hill Orc Monk on Mar 18, 2024.
             Was a Believer of Beogh.
             Mangled by a black mamba (shapeshifter) (11 damage)
             ... on level 10 of the Dungeon.
             The game lasted 00:14:09 (9350 turns).

Zrthp the Cleaver (Hill Orc Monk)                   Turns: 9350, Time: 00:14:10

Health: -6/110     AC: 11    Str: 19    XL:     11   Next: 21%
Magic:  12/12      EV:  8    Int: 10    God:    Beogh [**....]
Gold:   493        SH: 11    Dex: 13    Spells: 10/10 levels left

rFire   . . .        e - +5 hand axe
rCold   + . .        s - +0 kite shield
rNeg    . . .        D - +0 chain mail
rPois   .            (no helmet)
rElec   .            (no cloak)
rCorr   +            (no gloves)
SInv    .            A - +0 pair of boots
Will    .....        q - amulet of the acrobat Stlth
                     C - ring of protection from cold
HPRegen 0.38/turn    R - ring of resist corrosion
MPRegen 0.13/turn

%: acrobat
@: no status effects
A: no striking features
a: Renounce Religion, Smiting


You were on level 10 of the Dungeon.
You worshipped Beogh.
Beogh was pleased with you.
You visited 1 branch of the dungeon, and saw 10 of its levels.

You collected 493 gold pieces.


   Skills:
 - Level 14.0 Fighting
 - Level 14.0 Axes
 + Level 5.7 Armour
 - Level 2.4 Dodging
 - Level 11.0 Shields
 + Level 1.6 Invocations


You had 10 spell levels left.
You didn't know any spells.
Your spell library contained the following spells:

 Spells                   Type           Power      Damage    Failure   Level
 Apportation              Tloc           0%         N/A       99%         1
 Necrotise                Necr           0%         1d4       99%         1
 Sting                    Conj/Alch      0%         1d3       99%         1
 Summon Small Mammal      Summ           0%         N/A       99%         1
 Call Canine Familiar     Summ           0%         N/A       100%        3
 Dazzling Flash           Conj/Hex       0%         N/A       100%        3
 Gell's Gravitas          Tloc           0%         N/A       100%        3
 Sigil of Binding         Hex            0%         N/A       100%        3
 Teleport Other           Tloc           0%         N/A       100%        3
 Tukima's Dance           Hex            0%         N/A       100%        3
 Volatile Blastmotes      Fire/Tloc      0%         2d10      100%        3
 Animate Dead             Necr           0%         N/A       100%        4
 Dimensional Bullseye     Hex/Tloc       0%         N/A       100%        4
 Iskenderun's Mystic Bla  Conj/Tloc      0%         2d3       100%        4
 Dispersal                Tloc           0%         N/A       100%        6
 Starburst                Conj/Fire      0%         6d3       100%        6
 Haunt                    Necr/Summ      0%         N/A       100%        7
 Infestation              Necr           0%         N/A       100%        8
 Maxwell's Capacitive Co  Air            0%         ∞         100%        8

Inventory:

Hand Weapons
 a - a +0 hand axe
 e - a +5 hand axe (weapon)
Missiles
 E - a throwing net {=f}
Armour
 f - a +0 scale mail
 s - a +0 kite shield (worn)
 A - a +0 pair of boots (worn)
 D - a +0 chain mail (worn)
Jewellery
 c - a ring of protection from cold
 q - an amulet of the acrobat (around neck)
 v - a ring of see invisible
 C - a ring of protection from cold (left hand)
 G - the ring "Qikaj" {Wiz Int+2}
   (You found it on level 9 of the Dungeon)

   [ring of wizardry]

   Wiz:       It improves your spell success rate.
   Int+2:     It affects your intelligence (+2).
 R - a ring of resist corrosion (right hand)
Talismans
 m - a beast talisman
Wands
 h - a wand of flame (11)
Scrolls
 d - a scroll of immolation {unknown}
 g - a scroll of blinking {unknown}
 j - 5 scrolls of teleportation {unknown}
 k - 7 scrolls of identify {unknown}
 l - a scroll of enchant weapon {unknown}
 o - a scroll of silence {unknown}
 r - 5 scrolls of enchant armour {unknown}
 u - a scroll of poison {unknown}
 y - a scroll of brand weapon {unknown}
 z - a scroll of fog {unknown}
 B - a scroll of summoning {unknown}
 H - a scroll of noise {unknown}
Potions
 b - a potion of invisibility {unknown}
 i - 4 potions of haste {@q3}
 n - 2 potions of resistance
 p - a potion of brilliance {unknown}
 t - a potion of curing {unknown}
 w - a potion of attraction {unknown}
 x - a potion of lignification
 F - a potion of heal wounds {unknown}

Dungeon Overview and Level Annotations

Branches:
Dungeon (10/15)            Temple (0/1) D:6             Orc (0/2) D:9
   Lair: D:8-11

Altars:
Ashenzari
Yredelemnul

Shops:
D:9 =

Portals:
Abyss: D:3

Annotations:
D:3 2 transporters, RandomusNamus's ghost, amateur DjCj
D:7 2 transporters

#.#.#.#.# .....#
#.#.#.#.# .##.#.#
#.#.#.#.##.##.#.# ##
#.#........#..#.##### .#
#.###.#.#####.#...... .#
#.# #.#............# .#
#.# #.#######.####### .#
#.# #.#..............
.###'###.#.#####@#######
......##.# #S#
......##.# #.#
......##.# #.#
......##.# ... .###'##
..8 .# #.# ... ## ###
...:.


You could see a black mamba.


Message History

You hit the troll.
You kill the troll!
Beogh accepts your kill.
Your Invocations skill increases to level 1!
Unknown command.
A black mamba comes into view.
The black mamba hisses angrily.
Found a book of Storms.
You block the black mamba's attack. The black mamba misses you.
You closely miss the black mamba.
The black mamba bites you but does no damage.
You hit the black mamba.
The black mamba is lightly wounded.
The black mamba bites you!
* * * LOW HITPOINT WARNING * * *
Unknown command.
You closely miss the black mamba.
The black mamba is lightly wounded.
The black mamba bites you!
* * * LOW HITPOINT WARNING * * *
You hit the black mamba.
The black mamba is lightly wounded.
The black mamba barely misses you. You block the black mamba's attack.
You closely miss the black mamba.
The black mamba is lightly wounded.
The black mamba barely misses you.
You hit the black mamba.
The black mamba is lightly wounded.
The black mamba bites you!
You die...

Skill      XL: |  1  2  3  4  5  6  7  8  9 10 11 |
---------------+----------------------------------+-----
Fighting       | 4 5 6 10 13 14 | 14.0
Axes           | 5 6 11 13 14 | 14.0
Shields        | 1 3 8 9 10 11 | 11.0
Armour         | 4 5 |  5.7
Invocations    | 1 |  1.6
Dodging        | |  2.4

Action                     |  1- 3 |  4- 6 |  7- 9 | 10-12 || total
---------------------------+-------+-------+-------+-------++-------
  Melee: Hand axe          |    93 |    96 |   269 |   363 ||   821
  Throw: Throwing net      |       |       |       |     2 ||     2
 Invoke: Convert to Beogh  |       |       |       |     1 ||     1
    Use: Potion            |       |     2 |     3 |     2 ||     7
 Armour: Robe              |    17 |       |       |       ||    17
         Scale mail        |    62 |    61 |   115 |     2 ||   240
         Chain mail        |       |       |       |   129 ||   129
         Skin              |       |       |       |    14 ||    14
  Dodge: Dodged            |    60 |    45 |    65 |    87 ||   257
  Block: Kite shield       |       |       |    65 |   117 ||   182
         Form:             |     1 |       |       |       ||     1
         Beast             |     1 |       |       |       ||     1

Levels and vault maps discovered:
D:1:      erik_arrival_blinker_ship, layout_rooms, amethyst_killhole
D:2:      layout_rooms
D:3:      layout_rooms, shapermc_ecumenical_altar_hornbeckon,
          gammafunk_ghost_abyssal_escape, kennysheep_generic_room_15
D:4:      layout_basic, minmay_misc_feat_hallway, uniq_grinder
D:5:      layout_basic, uniq_blork_the_orc
D:6:      layout_loops_ring, mainiacjoe_overflow_tiny_flanked, temple_hall
D:7:      layout_basic, gammafunk_ghost_gnarly_gnolls, dreamdust_gnoll_farm
D:8:      hellmonk_destroyed_diamonds, layout_gridville,
          yredelemnul_forgotten_temple_becter, uniq_erica
D:9:      layout_stronghold, erik_orc_1, serial_shops, shop
D:10:     layout_basic, enter_bailey_2, nicolae_trove_entry_crystal,
          st_stairs_1, uniq_harold

Notes
Turn   | Place    | Note
-------+----------+-------------------------------------------
     0 | D:1      | Zrthp the Hill Orc Monk began the quest for the Orb.
     0 | D:1      | Reached XP level 1. HP: 19/19 MP: 1/1
    92 | D:1      | Reached skill level 4 in Fighting
   151 | D:1      | Reached XP level 2. HP: 27/27 MP: 2/2
   752 | D:2      | Reached XP level 3. HP: 35/35 MP: 3/3
   897 | D:2      | Reached skill level 5 in Fighting
  1173 | D:2      | Reached skill level 5 in Axes
  1174 | D:2      | Reached XP level 4. HP: 24/42 MP: 4/4
  1631 | D:3      | Found a faded altar of an unknown god.
  1714 | D:3      | Found a transporter.
  1744 | D:3      | You fall into a shaft and drop 3 floors!
  1766 | D:6      | Reached skill level 1 in Shields
  1766 | D:6      | Reached XP level 5. HP: 31/48 MP: 5/5
  1851 | D:6      | HP: 4/48 [sleepcap (4)]
  2235 | D:6      | Noticed a water moccasin
  2236 | D:6      | Identified 3 potions of resistance
  2243 | D:6      | Killed a water moccasin
  2244 | D:6      | Reached skill level 6 in Fighting
  2244 | D:6      | Reached skill level 6 in Axes
  2244 | D:6      | Reached skill level 3 in Shields
  2244 | D:6      | Reached XP level 6. HP: 30/57 MP: 6/6
  2409 | D:6      | Identified 2 potions of experience
  2409 | D:6      | Reached skill level 10 in Fighting
  2409 | D:6      | Reached skill level 11 in Axes
  2409 | D:6      | Reached skill level 8 in Shields
  2409 | D:6      | Reached XP level 7. HP: 73/73 MP: 7/7
  2410 | D:6      | Reached skill level 13 in Fighting
  2410 | D:6      | Reached skill level 13 in Axes
  2410 | D:6      | Reached XP level 8. HP: 65/83 MP: 8/8
  2432 | D:6      | HP: 7/72 [wight/+5 hand axe (2)]
  2818 | D:6      | Found a broken altar of Ashenzari.
  2860 | D:5      | Entered Level 5 of the Dungeon
  2891 | D:5      | Noticed Blork the orc
  2904 | D:5      | Killed Blork the orc
  2905 | D:5      | Reached skill level 14 in Axes
  3400 | D:5      | Reached XP level 9. HP: 81/81 MP: 9/9
  3757 | D:3      | Found a transporter.
  3766 | D:3      | Noticed an ancient zyme
  3801 | D:3      | Found a one-way gate to the infinite horrors of the Abyss.
  3805 | D:3      | Noticed RandomusNamus's ghost (amateur DjCj)
  3903 | D:4      | Noticed Grinder
  3911 | D:4      | Paralysed by Grinder for 3 turns
  3923 | D:4      | Paralysed by Grinder for 2 turns
  3935 | D:4      | Killed Grinder
  5353 | D:6      | Found a staircase to the Ecumenical Temple.
  5454 | D:7      | Reached skill level 9 in Shields
  5638 | D:7      | Found a transporter.
  5639 | D:7      | Found a transporter.
  5964 | D:7      | Reached skill level 14 in Fighting
  6029 | D:7      | Identified the ring of Vampiric Thralls {*Corrode Dex+3
                  | Slay+4 SInv}
  6111 | D:7      | Reached XP level 10. HP: 80/103 MP: 10/10
  6526 | D:8      | Noticed Erica
  6539 | D:8      | Killed Erica
  6923 | D:8      | Reached skill level 10 in Shields
  7129 | D:8      | Found a basalt altar of Yredelemnul.
  7262 | D:9      | Reached skill level 1 in Armour
  7689 | D:9      | Found Ziles's Jewellery Shoppe.
  7760 | D:9      | Reached skill level 2 in Armour
  7788 | D:9      | Reached skill level 3 in Armour
  7928 | D:9      | Reached skill level 4 in Armour
  7939 | D:9      | Reached XP level 11. HP: 28/110 MP: 11/11
  7962 | D:9      | Reached skill level 11 in Shields
  7964 | D:9      | HP: 8/165 [yak (12)]
  8425 | D:9      | Identified the ring "Qikaj" {Wiz Int+2}
  8715 | D:9      | Reached skill level 5 in Armour
  8929 | D:9      | Became a worshipper of Beogh the Brigand
  8929 | D:9      | Reached * piety under Beogh
  8929 | D:9      | Reached ** piety under Beogh
  8960 | D:9      | Found a staircase to the Orcish Mines.
  9192 | D:10     | Entered Level 10 of the Dungeon
  9340 | D:10     | Reached skill level 1 in Invocations
  9347 | D:10     | HP: 4/110 [black mamba (shapeshifter) (15)]
  9350 | D:10     | Mangled by a black mamba (shapeshifter)

Vanquished Creatures
  Erica (D:8)
  A troll (D:10)
  Grinder (D:4)
  A wraith (D:8)
  3 wyverns (D:9)
  12 yaks (D:9)
  4 vampire mosquitoes (D:7)
  A water moccasin (D:6)
  3 orc warriors
  An ice beast (D:7)
  2 sky beasts
  A black bear (D:6)
  A swamp drake (D:9)
  A kobold brigand (D:6)
  Blork the orc (D:5)
  A bullfrog (D:7)
  A gnoll sergeant (D:6)
  A weeping skull (D:8)
  3 scorpions
  7 wights
  10 killer bees (D:9)
  4 howler monkeys
  An orc priest (D:9)
  A bombardier beetle (D:4)
  4 sleepcaps
  5 hounds
  A jelly (D:8)
  3 iguanas (D:6)
  4 orc wizards
  13 gnolls
  5 adders
  A shadow imp (D:5)
  4 ufetubi
  A ribbon worm (D:3)
  3 dart slugs
  16 orcs
  8 bats
  7 endoplasms
  3 giant cockroaches
  3 hobgoblins
  16 kobolds
  4 quokkas
  6 ball pythons
  6 frilled lizards
  4 goblins
  4 rats
  A spectral orc (D:8)
185 creatures vanquished.

Table legend: (Time is in decaauts)
 A = Elapsed time spent in this place.
 B = Non-inter-level travel time spent in this place.
 C = Inter-level travel time spent in this place.
 D = Time resting spent in this place.
 E = Time spent auto-exploring this place.
 F = Levels seen in this place.
 G = Mean time per level.
                   A        B        C        D        E       F      G
               +--------+--------+--------+--------+--------+-----+--------+
         Total |   9168 |   8859 |    309 |   1501 |   5842 |  10 |  916.8 |
       Dungeon |   9168 |   8859 |    309 |   1501 |   5842 |  10 |  916.8 |
               +--------+--------+--------+--------+--------+-----+--------+

Top non-repeatable levels by time:
     D:9: 1648 daAuts
     D:6: 1547 daAuts
     D:8: 1094 daAuts
     D:5: 970 daAuts
     D:7: 919 daAuts
     D:2: 872 daAuts
     D:4: 791 daAuts
     D:1: 699 daAuts
     D:3: 474 daAuts
    D:10: 150 daAuts

Table legend:
 A = Non-vault XP
 B = Vault XP
 C = Vault XP percentage of total XP
 D = Non-vault monster count
 E = Vault monster count
 F = Vault count percentage of total count
                 A         B        C        D         E       F
            +---------+---------+-------+---------+---------+-------
      Total |    8028 |    1980 |  19.8 |     157 |      28 |  15.1
            +---------+---------+-------+---------+---------+-------
        D:1 |      18 |       0 |   0.0 |      13 |       0 |   0.0
        D:2 |     109 |       0 |   0.0 |      18 |       0 |   0.0
        D:3 |      61 |       3 |   4.7 |      23 |       2 |   8.0
        D:4 |     187 |     290 |  60.8 |      15 |       1 |   6.2
        D:5 |     301 |      96 |  24.2 |      16 |       1 |   5.9
        D:6 |    1042 |       0 |   0.0 |      22 |       0 |   0.0
        D:7 |    1289 |     132 |   9.3 |      11 |       5 |  31.2
        D:8 |     597 |     927 |  60.8 |       8 |       3 |  27.3
        D:9 |    4087 |     532 |  11.5 |      30 |      16 |  34.8
       D:10 |     337 |       0 |   0.0 |       1 |       0 |   0.0
            +---------+---------+-------+---------+---------+-------
